 Dungeon Crawl Stone Soup version 0.31.0-12-g77e489cdc1 (webtiles) character file.

Game seed: 13957885773881286925

108 firemarshallily the Shield-Bearer (level 4, -1/39 HPs)
             Began as an Armataur Fighter on Mar 5, 2024.
             Succumbed to an orc wizard's poison
             ... on level 3 of the Dungeon.
             The game lasted 00:03:35 (1310 turns).

firemarshallily the Shield-Bearer (AtFi)            Turns: 1310, Time: 00:03:35

Health: -1/39      AC:  7    Str: 22 (23) XL:     4   Next: 58%
Magic:  4/4        EV:  7    Int:  6 (9)  God:
Gold:   100        SH:  4    Dex:  6 (9)  Spells: 3/3 levels left

rFire   . . .        a - +0 flail
rCold   . . .        c - +0 buckler
rNeg    . . .        b - +0 scale mail
rPois   .            (no helmet)
rElec   .            (no cloak)
rCorr   .            (no gloves)
SInv    .            (no barding)
Will    .....        (no amulet) Stlth
                     g - +4 ring of slaying
HPRegen 0.26/turn    (no ring)
MPRegen 0.42/turn

%: roll
@: lethally poisoned (-1 -> -18), weak-willed, invisible
A: large, deformed body, tough skin 3, armoured tail, roll 1
a: no special abilities


You were on level 3 of the Dungeon.
You visited 1 branch of the dungeon, and saw 3 of its levels.

You collected 100 gold pieces.

Inventory:

Hand Weapons
 a - a +0 flail (weapon)
Missiles
 m - 3 poisoned darts (quivered)
Armour
 b - a +0 scale mail (worn)
 c - a +0 buckler (worn)
Jewellery
 g - a +4 ring of slaying (left hand)
 j - a ring of fire
Scrolls
 h - 4 scrolls of identify {unknown}
 k - a scroll of fog {unknown}
 o - 2 scrolls of immolation
Potions
 d - 2 potions of might


   Skills:
 * Level 3.6 Fighting
 + Level 2.3 Maces & Flails
 + Level 4.2 Armour
 * Level 4.4 Shields


You had 3 spell levels left.
You didn't know any spells.
Your spell library contained the following spells:

 Spells                   Type           Power      Damage    Failure   Level
 Apportation              Tloc           0%         N/A       83%         1
 Necrotise                Necr           0%         1d4       83%         1
 Sting                    Conj/Alch      0%         1d3       83%         1
 Summon Small Mammal      Summ           0%         N/A       83%         1


Dungeon Overview and Level Annotations

Branches:
Dungeon (3/15)

Altars:

Shops:
D:2 ?


Innate Abilities, Weirdness & Mutations

Armour fits poorly on your strangely shaped body.
You have extremely tough skin. (AC +3)
You have a long armoured tail.
You regenerate magic when rolling toward enemies. (Rampage MPRegen)


Message History

You fade into invisibility!
You feel very sick.
The orc shouts!
You hear a shout!
Something hits you but does no damage.
You are lethally poisoned!
It was a potion of heal wounds.
You feel much better.
You feel very sick. You block the orc's attack.
Something completely misses you.
Something unexpectedly blocks you, preventing you from rolling!
You closely miss something.
You feel very sick. The orc closely misses you.
Something hits you but does no damage.
You are more poisoned.
A gnoll comes into view.
It is wielding a +0 spear and quivering a throwing net.
Something unexpectedly blocks you, preventing you from rolling!
You hit something.
You feel extremely sick.
The gnoll shouts!
You block the orc's attack. Something hits you.
You are more poisoned.
Unknown command.
As you read the scroll labelled SOCIOCA HAHAWA, it crumbles to dust.
A wave of despondency washes over your surroundings.
It was a scroll of vulnerability.
* * * LOW HITPOINT WARNING * * *
You feel very sick.
The gnoll shouts!
The orc closely misses you. You block something's attack.
As you read the scroll labelled HUBU FUKHIY, it crumbles to dust.
It is a scroll of amnesia.
You feel forgetful for a moment.
* * * LOW HITPOINT WARNING * * *
You feel very sick.
The gnoll shouts!
Okay, then.
Okay, then.
As you read the scroll labelled URHI SERPHIESTRU, it crumbles to dust.
The creatures around you are filled with an inner flame!
It was a scroll of immolation.
You die...

#.#####.# .
#.....#.# .
#...†.# #
#.#.### #
#!#.# #
#.#.#
#.##.#.#####
#...o.o.....
####@#.#####
#{#.# #r#.#
#g# #g# ...
.#. . .


You could see 2 gnolls, 2 orcs and a rat (inner flame, unable to see you,
weak-willed).

Vanquished Creatures
  Terence (D:2)
  4 adders
  A dart slug (D:1)
  2 orcs (D:3)
  2 endoplasms
  A giant cockroach (D:1)
  3 goblins
  7 hobgoblins
  4 kobolds
  2 quokkas
  6 ball pythons
  6 bats
  3 frilled lizards
  2 rats
44 creatures vanquished.

Notes
Turn   | Place    | Note
-------+----------+-------------------------------------------
     0 | D:1      | firemarshallily the Armataur Fighter began the quest for
                  | the Orb.
     0 | D:1      | Reached XP level 1. HP: 18/18 MP: 1/1
    46 | D:1      | Found a faded altar of an unknown god.
   170 | D:1      | Reached XP level 2. HP: 20/25 MP: 2/2
   574 | D:2      | Found Tystirph's Magic Scroll Shop.
   606 | D:2      | Noticed Terence
   614 | D:2      | Killed Terence
   615 | D:2      | Reached XP level 3. HP: 22/31 MP: 3/3
   756 | D:2      | Reached XP level 4. HP: 35/38 MP: 4/4
  1310 | D:3      | Succumbed to an orc wizard's poison

Illustrated notes

Levels and vault maps discovered:
D:1:      lemuel_arrival_rhombus, layout_rooms, ebering_ecumenical_altar_rust
D:2:      layout_basic, serial_shops, shop, nrook_mini_backslash,
          palyth_stone_intersect, amcnicky_mini_rare_corridor_liquid,
          uniq_terence
D:3:      cheibrodos_old_hovel, layout_loops_ring,
          chequers_hall_statues_corner_a

Skill      XL: |  1  2 |
---------------+-------+-----
Maces & Flails | 2 |  2.3
Fighting       | 3 |  3.6
Armour         | 4 |  4.2
Shields        | 4 |  4.4

Action                     |  1- 3 |  4- 6 || total
---------------------------+-------+-------++-------
  Melee: Flail             |    71 |    34 ||   105
         Tailslap          |     6 |     2 ||     8
    Use: Potion            |       |     5 ||     5
         Scroll            |       |     3 ||     3
 Armour: Scale mail        |    58 |    31 ||    89
  Dodge: Dodged            |    23 |    10 ||    33
  Block: Buckler           |     9 |     9 ||    18
